 Dungeon Crawl Stone Soup version 0.28.0-43-g3370ac3207 (webtiles) character file.

Game seed: 11122313972548505234

0 croobank the Firebug (level 1, 0/14 HPs)
             Began as a Draconian Fire Elementalist on Mar 23, 2022.
             Slain by an adder (3 damage)
             ... on level 1 of the Dungeon.
             The game lasted 00:00:29 (52 turns).

croobank the Firebug (Draconian Fire Elementalist)    Turns: 52, Time: 00:00:32

Health: 0/14       AC:  4    Str: 10    XL:     1   Next: 0%
Magic:  0/3        EV: 12    Int: 15    God:
Gold:   0          SH:  0    Dex: 11    Spells: 3/4 levels left

rFire   . . .      SeeInvis .   (no weapon)
rCold   . . .      Faith    .   (no shield)
rNeg    . . .      Spirit   .   (armour unavailable)
rPois   .          Reflect  .   (helmet restricted)
rElec   .          Harm     .   (no cloak)
rCorr   .          Rampage  .   (no gloves)
Will    .....                   (no boots)
Stlth   ++........              (no amulet)
HPRegen 0.04/turn               (no ring)
MPRegen 0.08/turn               (no ring)

@: no status effects
A: AC +4, unfitting armour, cold-blooded
a: no special abilities


You were on level 1 of the Dungeon.
You visited 1 branch of the dungeon, and saw 2 of its levels.

You aren't carrying anything.


   Skills:
 + Level 1.7 Dodging
 + Level 1.7 Stealth
 + Level 2.0 Spellcasting
 + Level 1.0 Conjurations
 + Level 3.0 Fire Magic


You had 3 spell levels left.
You knew the following spells:

 Your Spells              Type           Power      Damage    Failure   Level
a - Foxfire               Conj/Fire      28%        2x1d5     10%         1

Your spell library contained the following spells:

 Spells                   Type           Power      Damage    Failure   Level
 Scorch                   Fire           20%        2d6       10%         2
 Conjure Flame            Conj/Fire      7%         6-21      28%         3
 Inner Flame              Hex/Fire       6%         N/A       34%         3
 Flame Wave               Conj/Fire      7%         2d5       67%         4


Dungeon Overview and Level Annotations

Branches:
Dungeon (2/15)

Altars:


Innate Abilities, Weirdness & Mutations

Your plain brown scales are hard. (AC +4)
You cannot fit into any form of body armour.
You are cold-blooded and may be slowed by cold attacks.


Message History

You don't have enough magic to cast this spell.
You hit the adder.
Your tail-slap misses the adder.
The adder is moderately wounded.
The bat closely misses you. The adder bites you. The adder barely misses you.
A kobold comes into view. It is wielding a +0 club.
The bat barely misses you. The adder misses you.
The adder bites you but does no damage. x2
You barely miss the bat. The bat closely misses you.
The adder bites you but does no damage. The adder bites you.
The bat barely misses you.
A giant cockroach comes into view.
The adder misses you.
Your magical contamination has completely faded away.
The bat hits you but does no damage. The adder barely misses you.
The kobold shouts!
The kobold throws a stone.
The stone barely misses you.
The stone barely misses the adder.
The giant cockroach completely misses you.
The adder bites you. The giant cockroach barely misses you.
There is a stone staircase leading up here.
The giant cockroach bites you but does no damage.
The kobold hits you with a +0 club.
* * * LOW HITPOINT WARNING * * *
The adder bites you but does no damage. The giant cockroach barely misses you.
You climb upwards.
Found 14 bolts.
There is a stone staircase leading down here.
Casting: Foxfire (safe; 10% risk of failure)
Confirm with . or Enter, or press ? or * to list all spells.
You conjure some foxfire!
The kobold barely misses you. The adder bites you but does no damage.
The giant cockroach closely misses you.
You hit the adder but do no damage.
The foxfire hits the kobold.
You kill the kobold!
The foxfire hits the adder.
The adder is moderately wounded.
The adder misses you. The giant cockroach bites you.
* * * LOW HITPOINT WARNING * * *
The adder bites you.
You die...

#.. .. .. ...
#. ... ... . .
##...#. .#..#..
....... .......
##.#.#.#.#.....
.........B.....
.......BS......
.....()@.......
##.#.#.#.#....#
... ... ...
#.#. .#... .
#.#. .##...# #
.. .. .... #.
.# ... .. .. ..


You could see an adder and 2 giant cockroaches.

Vanquished Creatures
  A kobold (D:1)
1 creature vanquished.

Vanquished Creatures (others)
  5 foxfires
5 creatures vanquished.

Grand Total: 6 creatures vanquished

Notes
Turn   | Place    | Note
-------+----------+-------------------------------------------
     0 | D:1      | croobank the Draconian Fire Elementalist began the quest
                  | for the Orb.
     0 | D:1      | Reached XP level 1. HP: 14/14 MP: 3/3
    34 | D:1      | You fall into a shaft and drop 1 floor!
    52 | D:1      | Slain by an adder

Illustrated notes

Levels and vault maps discovered:
D:1:      dpeg_arrival_court, layout_basic, chequers_ecumenical_altar_simple
D:2:      layout_rooms, ebering_dispersal_statue_hall, grunt_decor_one_mirror

Action                   || total
-------------------------++-------
Melee: Unarmed           ||     4
 Cast: Foxfire           ||     3
Armor: Skin              ||    11
Dodge: Dodged            ||    22
